Map: 뉴 리퍼그넌시 - 래더

Players

Ragnarok (SHIN) - Winner!

  • Race: Zerg Zerg
  • Spawn Location: 7:00

gumiho

  • Race: Terran Terran
  • Spawn Location: 1:00

Event: IEM Season 13: Katowice (2019)

VOD

Have the link to the VOD?

Description

Time

  • Played on: March 1, 2019, 5:22 a.m.
  • Length: 14:45

All games in this series

Show
View Real Time Build Order
Export as new Build Order

Ragnarok Zerg - Winner!

Build Orders: Hatch First, Brood Lord Corruptor 

Get SALT Encoding   

  12  0:00  Drone  
  13  0:12  Overlord  
  13  0:16  Drone  
  14  0:31  Drone x2  
  16  0:48  Hatchery  
  15  0:51  Drone  
  15  0:55  Drone  
  17  0:58  Drone  
  18  1:10  Extractor  
  17  1:14  Spawning Pool  
  17  1:17  Drone  
  17  1:20  Drone  
  18  1:28  Drone  
  19  1:46  Drone  
  20  1:49  Drone  
  21  2:01  Queen x2  
  21  2:02  Zergling x4  
  27  2:12  Overlord  
  27  2:25  Hatchery  
  27  2:28  Drone x2  
  27  2:29  Drone  
  28  2:36  Drone  
  28  2:37  Drone  
  28  2:43  Queen  
  31  2:48  Metabolic Boost  
  31  2:52  Drone  
  31  2:54  Drone  
  31  2:57  Drone  
  34  2:59  Drone  
  34  3:05  Overlord  
  35  3:06  Drone  
  36  3:19  Overlord  
  36  3:23  Drone x2  
  36  3:24  Drone  
  36  3:26  Roach Warren  
  38  3:27  Extractor  
  38  3:29  Queen  
  38  3:33  Drone  
  40  3:35  Overlord  
  40  3:38  Drone  
  40  3:39  Drone  
  42  3:48  Zergling x4  
  42  3:50  Drone x2  
  42  3:52  Queen  
  48  3:58  Drone  
  48  3:59  Drone x2  
  48  4:00  Drone  
  52  4:11  Roach x3  
  52  4:15  Roach x2  
  61  4:18  Overlord  
  61  4:22  Overlord  
  61  4:26  Spore Crawler  
  61  4:28  Spore Crawler  
  59  4:32  Lair  
  59  4:36  Overlord  
  61  4:38  Roach  
  61  4:41  Drone x3  
  61  4:44  Drone  
  61  4:45  Drone  
  66  4:49  Drone  
  66  4:51  Drone  
  66  4:54  Overlord  
  66  4:56  Roach  
  66  4:58  Ravager x2  
  70  5:00  Drone x2  
  70  5:02  Spore Crawler  
  70  5:07  Drone x3  
  73  5:10  Extractor  
  73  5:11  Overlord  
  73  5:15  Zergling x4  
  73  5:16  Zergling x2  
  73  5:19  Zergling x6  
  79  5:26  Zergling x4  
  79  5:27  Zergling x2  
  82  5:30  Overseer  
  82  5:31  Drone  
  82  5:32  Drone x3  
  86  5:37  Overlord x2  
  86  5:41  Overlord  
  86  5:44  Overlord  
  86  5:48  Overlord x2  
  85  5:54  Extractor  
  85  5:55  Extractor, Drone  
  85  5:56  Spire  
  83  6:00  Drone x4  
  83  6:02  Drone  
  83  6:03  Extractor, Drone  
  88  6:04  Drone  
  88  6:05  Drone  
  88  6:09  Drone x2  
  92  6:12  Drone x2  
  92  6:13  Drone  
  92  6:17  Ravager  
  93  6:19  Glial Reconstitution  
  93  6:23  Roach  
  93  6:25  Roach x3  
  101  6:29  Drone x2  
  101  6:32  Evolution Chamber  
  102  6:35  Evolution Chamber  
  102  6:36  Drone  
  102  6:37  Drone x4  
  102  6:44  Drone x2  
  104  6:51  Overlord  
  104  6:53  Roach  
  106  6:58  Hatchery  
  104  7:08  Mutalisk  
  104  7:09  Mutalisk x6  
  108  7:25  Mutalisk x2, Drone x3  
  108  7:28  Roach x2  
  116  7:32  Drone x3  
  116  7:33  Drone x4  
  116  7:35  Drone x2  
  116  7:37  Drone  
  118  7:41  Drone  
  117  7:49  Zerg Missile Weapons Level 1  
  117  7:52  Drone x2  
  117  7:55  Zerg Ground Armor Level 1  
  117  7:57  Roach x3  
  125  8:04  Roach x2  
  129  8:06  Roach  
  121  8:13  Drone x2  
  121  8:17  Roach x4  
  121  8:18  Roach x3  
  137  8:23  Overlord  
  137  8:24  Roach  
  139  8:27  Roach  
  139  8:29  Queen x2  
  139  8:31  Roach  
  143  8:34  Spore Crawler  
  143  8:35  Roach  
  143  8:36  Roach  
  143  8:37  Overlord  
  143  8:39  Overlord  
  142  8:46  Spore Crawler  
  135  8:49  Drone x3  
  135  8:51  Queen  
  135  8:54  Drone  
  135  8:55  Drone  
  136  9:02  Roach x3  
  140  9:04  Queen  
  140  9:16  Drone x2  
  134  9:20  Extractor  
  134  9:21  Extractor  
  134  9:23  Roach x4, Infestation Pit  
  139  9:24  Overseer, Hydralisk Den  
  139  9:27  Pneumatized Carapace  
  124  9:33  Drone  
  124  9:36  Overseer  
  123  9:50  Overlord x2  
  123  9:51  Overlord  
  123  9:55  Hydralisk x9, Grooved Spines  
  123  9:56  Hydralisk  
  143  10:06  Hatchery  
  142  10:10  Hydralisk x7  
  142  10:14  Hive  
  156  10:17  Drone  
  156  10:20  Hydralisk  
  156  10:21  Roach x3  
  165  10:35  Hydralisk x5, Overlord x2  
  175  10:45  Zerg Missile Weapons Level 2, Zerg Ground Armor Level 2  
  175  10:49  Overseer x2  
  175  10:50  Overseer  
  175  10:53  Hydralisk  
  175  10:54  Roach  
  179  10:58  Hydralisk, Roach  
  179  10:59  Roach  
  179  11:02  Hydralisk, Roach  
  179  11:03  Roach  
  191  11:06  Muscular Augments, Overlord  
  191  11:12  Drone x4  
  191  11:13  Drone x4  
  197  11:20  Extractor  
  197  11:25  Extractor  
  195  11:27  Greater Spire  
  195  11:39  Queen  
  191  11:55  Corruptor x4  
  191  11:59  Corruptor  
  191  12:00  Corruptor x2  
  191  12:01  Corruptor  
  183  12:12  Drone x3  
  186  12:16  Spine Crawler x2  
  186  12:19  Hatchery  
  177  12:35  Overseer  
  171  12:40  Brood Lord x8  
  187  12:52  Viper x2  
  187  12:57  Viper  
  196  13:09  Corruptor x2  
  200  13:26  Hatchery  
  197  13:29  Hydralisk  
  197  13:30  Hydralisk, Baneling Nest  
  197  13:32  Overlord  
  198  13:34  Corruptor  
  200  13:54  Extractor, Spore Crawler  
  200  13:55  Brood Lord, Spore Crawler x2  
  200  13:56  Brood Lord, Spore Crawler  
  200  13:57  Spine Crawler  
  200  13:58  Spine Crawler  
  200  14:00  Extractor  
Show
View Real Time Build Order
Export as new Build Order

gumiho Terran 

Build Orders: Reaper Expand, Hellion Banshee, Mech 

Get SALT Encoding   

  12  0:00  SCV  
  13  0:12  SCV  
  14  0:17  Supply Depot  
  14  0:24  SCV  
  15  0:38  SCV  
  15  0:40  Barracks  
  16  0:43  Refinery  
  16  0:50  SCV  
  17  1:02  SCV  
  18  1:14  SCV  
  19  1:26  Orbital Command  
  19  1:27  Reaper  
  20  1:39  Command Center  
  20  1:49  Supply Depot  
  20  1:52  SCV  
  21  1:59  Marine  
  22  2:04  SCV  
  22  2:07  Factory  
  23  2:11  Refinery  
  23  2:16  SCV  
  23  2:17  Marine  
  25  2:28  SCV  
  26  2:35  Barracks Reactor  
  26  2:40  SCV  
  27  2:51  Orbital Command  
  27  2:52  SCV  
  27  2:54  Hellion  
  27  2:56  Starport  
  30  3:04  SCV  
  31  3:12  Supply Depot  
  31  3:17  SCV  
  32  3:21  SCV  
  32  3:22  Barracks Tech Lab  
  32  3:25  Hellion x2  
  37  3:29  SCV  
  37  3:32  Viking  
  40  3:35  Supply Depot  
  40  3:36  SCV  
  40  3:41  SCV  
  42  3:48  SCV  
  43  3:53  Siege Tank, SCV, Marine x2  
  49  3:58  Supply Depot  
  49  4:00  SCV  
  50  4:02  Starport Tech Lab  
  50  4:05  SCV  
  51  4:10  Marine  
  51  4:11  Marine  
  51  4:12  SCV  
  54  4:17  SCV  
  54  4:20  Supply Depot  
  54  4:21  Banshee, Cloaking Field  
  58  4:24  SCV  
  59  4:33  Armory, Hellion x2  
  59  4:34  SCV  
  59  4:36  SCV  
  65  4:53  SCV x2, Supply Depot  
  65  4:56  Hellion x2  
  71  5:01  Command Center  
  71  5:04  Banshee  
  71  5:06  Refinery x2, SCV x2  
  76  5:11  Supply Depot  
  76  5:17  Hellion x2  
  80  5:22  Terran Vehicle And Ship Armor Level 1  
  80  5:26  SCV x2  
  82  5:38  SCV x2  
  82  5:39  Hellion x2  
  85  5:46  Factory, Banshee  
  88  5:50  SCV x2  
  88  5:53  Bunker  
  88  5:55  Supply Depot  
  90  6:02  Hellion x2  
  94  6:04  Supply Depot  
  94  6:08  Supply Depot  
  94  6:13  SCV x2  
  94  6:17  Hyperflight Rotors  
  96  6:25  SCV x2  
  98  6:26  Engineering Bay  
  98  6:28  Factory, Refinery  
  98  6:31  Orbital Command  
  98  6:38  SCV x2  
  100  6:42  Hellion  
  100  6:50  SCV  
  100  6:51  SCV  
  102  6:56  Refinery, Cyclone  
  102  6:57  Banshee  
  108  7:01  SCV  
  108  7:03  SCV x2  
  111  7:14  SCV  
  111  7:15  SCV x2  
  100  7:26  SCV  
  100  7:27  SCV x2  
  94  7:38  SCV, Factory Tech Lab, Hellion x2  
  94  7:39  SCV x2  
  94  7:44  Banshee  
  99  7:46  Thor, Missile Turret  
  99  7:49  Factory  
  99  7:50  SCV  
  99  7:51  SCV x2  
  101  7:52  Factory, Missile Turret  
  101  7:53  Missile Turret  
  101  7:56  Missile Turret  
  101  7:57  Terran Vehicle And Ship Armor Level 2  
  102  8:02  Thor, SCV  
  102  8:03  SCV  
  105  8:12  SCV  
  104  8:14  Missile Turret, SCV  
  104  8:19  Supply Depot x2  
  102  8:29  Thor  
  105  8:37  Orbital Command, SCV  
  99  8:44  Thor  
  105  8:49  Hellion x2  
  107  8:55  Starport Tech Lab  
  107  8:58  SCV x2  
  109  9:09  Missile Turret  
  98  9:10  SCV  
  98  9:12  Thor  
  101  9:17  SCV x2  
  101  9:20  Hellion x2  
  101  9:22  Hellion  
  107  9:24  SCV  
  107  9:29  Banshee, SCV  
  110  9:31  SCV  
  110  9:36  SCV  
  115  9:38  Siege Tank  
  115  9:42  SCV  
  115  9:43  SCV  
  115  9:45  Factory Tech Lab  
  117  9:48  SCV  
  117  9:50  Missile Turret  
  118  9:52  Supply Depot  
  118  9:54  Factory Reactor  
  118  9:55  Siege Tank  
  118  9:58  Infernal Pre-Igniter  
  121  10:03  Command Center  
  121  10:08  Siege Tank  
  121  10:10  Siege Tank  
  121  10:14  Hellion x2  
  131  10:18  Mag-Field Accelerator  
  134  10:22  Terran Vehicle Weapons Level 1  
  134  10:28  Supply Depot  
  134  10:29  Supply Depot  
  134  10:31  Supply Depot  
  134  10:32  Siege Tank  
  134  10:38  SCV x3  
  137  10:43  Cyclone x2  
  137  10:44  Cyclone  
  137  10:45  Hellion x2  
  137  10:48  Supply Depot  
  137  10:49  Supply Depot x2  
  150  10:52  Missile Turret  
  150  11:07  Hellion x2  
  150  11:08  Medivac x2  
  161  11:14  Missile Turret  
  161  11:23  Cyclone x3  
  161  11:25  Cyclone  
  170  11:31  Factory  
  170  11:32  Factory  
  168  11:45  Medivac, Hellion x2  
  168  11:46  Medivac  
  166  11:55  Cyclone, SCV x3  
  166  11:58  Cyclone x2  
  174  12:09  Planetary Fortress  
  174  12:14  Hellion x3  
  180  12:16  Factory Tech Lab  
  180  12:18  Factory Reactor  
  180  12:27  Hellion  
  177  12:30  Hellion x2  
  177  12:32  SCV x3  
  183  12:45  Sensor Tower  
  183  12:54  Cyclone  
  183  12:55  Cyclone, Hellion  
  183  12:56  Hellion x2  
  195  13:02  Medivac  
  197  13:10  Missile Turret  
  197  13:12  Missile Turret  
  197  13:15  Hellion  
  168  14:21  Hellion x2  
  168  14:23  Hellion x2  

Tags
 
Add a new tag
Caveats
  • Supply blocks, unpowered buildings, or Contaminate may cause inaccurate times.
  • Supply counts are checked every 10 seconds.